 Dungeon Crawl Stone Soup version 0.27-a0-592-g0306a34022 (webtiles) character file.

Game seed: 8504383373888748158

2782 rocky1 the Basher (level 9, -10/51 HPs)
             Began as a Gargoyle Fighter on Mar 11, 2021.
             Was a Believer of Okawaru.
             Mangled by an orc warrior
             ... wielding the +9 war axe of the Ship {vorpal, rC+ Dex+3}
              (13 damage)
             ... on level 7 of the Dungeon.
             The game lasted 00:20:27 (7334 turns).

rocky1 the Basher (Gargoyle Fighter)                Turns: 7334, Time: 00:20:28

Health: -10/51     AC:  1    Str: 22    XL:     9   Next: 70%
Magic:  8/9        EV:  9    Int:  9    God:    Okawaru [**....]
Gold:   402        SH: 11    Dex: 10    Spells: 8/8 levels left

rFire    . . .     SeeInvis .   G - +3 flail (vorpal)
rCold    . . .     Faith    .   c - +0 kite shield
rNeg     + . .     Spirit   .   z - +0 acid dragon scales
rPois    ∞         Reflect  .   x - +1 hat
rElec    +         Harm     .   (no cloak)
rCorr    +         Rampage  .   n - +0 pair of gloves
Will     .....                  r - +1 pair of boots
Stlth    +.........             (no amulet)
HPRegen  0.17/turn              (no ring)
MPRegen  0.11/turn              (no ring)

@: mighty, corroded
A: negative energy resistance 1, electricity resistance, torment resistance 1,
unbreathing 1, petrification resistance, AC +6
a: Renounce Religion, Heroism


You were on level 7 of the Dungeon.
You worshipped Okawaru.
Okawaru was pleased with you.
You visited 2 branches of the dungeon, and saw 8 of its levels.
You also visited: Sewer.

You collected 402 gold pieces.

Inventory:

Hand Weapons
 m - a +0 hunting sling
 G - a +3 vorpal flail (weapon)
Missiles
 w - 3 curare-tipped darts (quivered)
 y - 3 throwing nets
 B - 88 stones
 C - 13 poisoned darts
Armour
 b - a +0 scale mail
 c - a +0 kite shield (worn)
 f - a +3 leather armour
 n - a +0 pair of gloves (worn)
 r - a +1 pair of boots (worn)
 x - a +1 hat (worn)
 z - +0 acid dragon scales (worn)
Wands
 F - a wand of mindburst (14)
Scrolls
 a - a scroll of identify
 k - 3 scrolls of enchant weapon {unknown}
 o - 2 scrolls of teleportation {unknown}
 p - a scroll of blinking {unknown}
 t - a scroll of immolation {unknown}
 v - a scroll of enchant armour {unknown}
 D - a scroll of magic mapping {unknown}
 E - a scroll of noise {unknown}
Potions
 e - a potion of berserk rage {unknown}
 g - 4 potions of haste
 h - 3 potions of flight
 i - 2 potions of curing
 j - a potion of heal wounds
 l - a potion of mutation
 q - a potion of brilliance
 u - a potion of attraction {unknown}
 A - a potion of ambrosia {unknown}


   Skills:
 - Level 3.2 Fighting
 * Level 10.8 Maces & Flails
 - Level 3.2 Armour
 + Level 8.8 Shields


You had 8 spell levels left.
You didn't know any spells.
Your spell library contained the following spells:

 Spells                   Type           Power      Damage    Failure   Level
 Animate Skeleton         Necr           0%         N/A       75%         1
 Apportation              Tloc           0%         N/A       75%         1
 Corona                   Hex            0%         N/A       75%         1
 Summon Small Mammal      Summ           0%         N/A       75%         1


Dungeon Overview and Level Annotations

Branches:
Dungeon (7/15)             Temple (1/1) D:4           Sewer (visited)

Altars:
Ashenzari
Dithmenos
Elyvilon
Fedhas
Gozag
Hepliaklqana
Kikubaaqudgha
Makhleb
Nemelex Xobeh
Okawaru
Qazlal
Sif Muna
Trog
Uskayaw
Vehumet
Wu Jian
Xom
Zin
Jiyva


Innate Abilities, Weirdness & Mutations

Your stone body is resilient. (AC +6)
You are immune to poison.
You resist negative energy. (rN+)
You are resistant to electric shocks. (rElec)
You are resistant to unholy torment.
You can survive without breathing.
You are immune to petrification.


Message History

The rust devil hits you! The rust devil corrodes you!
The orc warrior completely misses you.
You sock the rust devil!
The rust devil is heavily wounded.
The rust devil barely misses you.
You sock the rust devil!
The rust devil is severely wounded.
The rust devil closely misses you. You block the orc warrior's attack.
The rust devil hits you. The rust devil corrodes you!
You closely miss the rust devil.
The rust devil is severely wounded.
You feel like a meek peon again. The rust devil hits you.
The rust devil corrodes you!
You hit the rust devil but do no damage.
The rust devil is severely wounded.
You block the rust devil's attack.
The orc warrior hits you with the +9 war axe of the Ship {vorpal, rC+ Dex+3}.
The rust devil barely misses you. The rust devil hits you.
You are too injured to fight recklessly!
You are too injured to fight recklessly!
You are too injured to fight recklessly!
You feel very mighty all of a sudden.
The orc warrior hits you with the +9 war axe of the Ship {vorpal, rC+ Dex+3}!
* * * LOW HITPOINT WARNING * * *
The rust devil hits you. The rust devil corrodes you! The rust devil hits you!
* * * LOW HITPOINT WARNING * * *
The rust devil corrodes you!
You feel much better.
The orc warrior hits you with the +9 war axe of the Ship {vorpal, rC+ Dex+3}!
The rust devil closely misses you. The rust devil hits you!
* * * LOW HITPOINT WARNING * * *
Unknown command.
You block the rust devil's attack. You block the orc warrior's attack.
The rust devil closely misses you.
You climb downwards.
There is a stone staircase leading up here.
The rust devil hits you!
* * * LOW HITPOINT WARNING * * *
The orc warrior hits you with the +9 war axe of the Ship {vorpal, rC+ Dex+3}!
You die...

##...##...............##
##.....##..........#.#...
##..................#.#...
#.....................###.
#......####..........#####
###..###.#.....#.....#..#.
######.......#..........
#.44o...............
#..@................
#...................
#...................
####...#............
#########........
#......#.. ####...####..
##......#####.
#...........##


You could see 2 rust devils and an orc warrior.

Vanquished Creatures
  Harold (D:7)
  Sigmund (D:5)
  A water moccasin (D:5)
  2 ice beasts (D:7)
  An orc warrior (D:6)
  A sky beast (D:5)
  4 centaurs
  An ogre (D:6)
  A phantom (D:7)
  2 bullfrogs (Sewer)
  3 howler monkeys
  A centaur zombie (D:5)
  4 jellies
  An orc priest (D:3)
  3 bullfrog skeletons
  A hound (D:4)
  An iguana (D:7)
  2 orc wizards
  2 worker ants
  A hound skeleton (D:7)
  A howler monkey skeleton (D:6)
  15 adders
  2 river rats (D:6)
  3 white imps
  An ufetubus (D:6)
  An ooze (D:3)
  An adder zombie (D:5)
  2 worms
  An adder skeleton (D:5)
  A dart slug (D:1)
  5 leopard geckos
  14 orcs
  6 bats
  8 giant cockroaches
  6 hobgoblins
  5 jackals
  4 kobolds
  4 quokkas
  5 ball pythons
  10 frilled lizards
  8 goblins
  A quokka zombie (D:3)
  3 rats
141 creatures vanquished.

Notes
Turn   | Place    | Note
-------+----------+-------------------------------------------
     0 | D:1      | rocky1 the Gargoyle Fighter began the quest for the Orb.
     0 | D:1      | Reached XP level 1. HP: 14/14 MP: 1/1
   198 | D:1      | Reached XP level 2. HP: 18/19 MP: 2/2
   665 | D:2      | Reached skill level 3 in Maces & Flails
   688 | D:2      | Reached XP level 3. HP: 23/23 MP: 3/3
   800 | D:2      | Found a hazy altar of Hepliaklqana.
   812 | D:2      | Reached XP level 4. HP: 19/28 MP: 4/4
  1162 | D:2      | Reached skill level 4 in Maces & Flails
  1560 | D:3      | Reached XP level 5. HP: 5/32 MP: 5/5
  2678 | D:4      | Found a sparkling altar of Nemelex Xobeh.
  2762 | D:4      | HP: 1/32 [something/puff of flame (1)]
  3239 | D:4      | Reached skill level 5 in Maces & Flails
  3245 | D:4      | Found a bloodstained altar of Trog.
  3256 | D:4      | Found a staircase to the Ecumenical Temple.
  3270 | D:4      | Reached XP level 6. HP: 31/37 MP: 6/6
  3290 | D:4      | Reached skill level 5 in Shields
  3302 | D:4      | Found a burning altar of Makhleb.
  3328 | Temple   | Entered the Ecumenical Temple
  3631 | D:4      | Found a hide-covered altar of Uskayaw.
  3632 | D:4      | Noticed a +0 hand axe
  3632 | D:4      | Noticed a +0 hand axe
  3636 | D:4      | Found a glowing silver altar of Zin.
  3636 | D:4      | Noticed an angel
  3653 | D:4      | Found a white marble altar of Elyvilon.
  3653 | D:4      | Found a shimmering altar of Xom.
  3960 | D:5      | Entered Level 5 of the Dungeon
  4051 | D:5      | Noticed a water moccasin
  4070 | D:5      | Killed a water moccasin
  4071 | D:5      | Reached skill level 6 in Maces & Flails
  4071 | D:5      | Reached XP level 7. HP: 25/41 MP: 7/7
  4349 | D:5      | HP: 2/41 [sky beast (2)]
  4359 | D:5      | HP: 2/41 [sky beast (2)]
  4671 | D:5      | Noticed Sigmund
  4680 | D:5      | Killed Sigmund
  4681 | D:5      | Reached skill level 7 in Maces & Flails
  4693 | D:5      | Reached XP level 8. HP: 42/46 MP: 8/8
  5304 | D:6      | Reached skill level 8 in Maces & Flails
  5367 | D:6      | Found a glowing drain.
  5380 | Sewer    | Entered a sewer
  5828 | D:6      | Reached skill level 9 in Maces & Flails
  6672 | D:7      | Found an iron altar of Okawaru.
  6682 | D:7      | Became a worshipper of Warmaster Okawaru
  6710 | D:7      | Reached XP level 9. HP: 51/51 MP: 9/9
  6821 | D:7      | Noticed Harold
  6850 | D:7      | Killed Harold
  6850 | D:7      | Reached * piety under Okawaru
  6850 | D:7      | Reached ** piety under Okawaru
  6851 | D:7      | Reached skill level 10 in Maces & Flails
  7314 | D:6      | Noticed a rust devil
  7314 | D:6      | Identified the +9 war axe of the Ship {vorpal, rC+ Dex+3}
  7315 | D:6      | Noticed a rust devil
  7334 | D:7      | Mangled by an orc warrior

Illustrated notes

Levels and vault maps discovered:
D:1:      nicolae_arrival_memento_mori, layout_basic, chequers_avenue,
          hex_intersection
D:2:      layout_loops_ring, overflow_temple_1_default
D:3:      layout_basic
D:4:      layout_basic, gammafunk_temple_overflow_wave, lemuel_round_altar,
          zin_angel, nicolae_overflow_crystal_walls, makhleb_heckhound_becter,
          dancing_weapons_uskayaw
D:5:      kennysheep_six_static_rooms, layout_loops_ring, uniq_sigmund
D:6:      cheibrodos_iron_armory, layout_basic, portal_sewer_entry_a,
          hangedman_decor_peaks_small
D:7:      lemuel_upstairs_altar, layout_cave_pools, okawaru_metal_pillars_1_2,
          uniq_harold
Temple:   pf_slime_end_temple

Skill      XL: |  1  2  3  4  5  6  7  8  9 |
---------------+----------------------------+-----
Maces & Flails | 3 4 5 6 7 9 10 | 10.8
Shields        | 4 5 6 7 8 |  8.8
Fighting       | |  3.2
Armour         | |  3.2

Action                   |  1- 3 |  4- 6 |  7- 9 || total
-------------------------+-------+-------+-------++-------
Melee: Flail             |    64 |   230 |   377 ||   671
Throw: Dart              |       |       |     3 ||     3
Invok: Heroism           |       |       |     1 ||     1
  Use: Potion            |       |       |     6 ||     6
       Scroll            |       |       |     5 ||     5
Armor: Leather armour    |    33 |   120 |    54 ||   207
       Acid dragon scale |       |       |   110 ||   110
Dodge: Dodged            |    28 |   101 |   124 ||   253
Block: Kite shield       |    34 |   137 |   223 ||   394

Table legend: (Time is in decaauts)
 A = Elapsed time spent in this place.
 B = Non-inter-level travel time spent in this place.
 C = Inter-level travel time spent in this place.
 D = Time resting spent in this place.
 E = Time spent auto-exploring this place.
 F = Levels seen in this place.
 G = Mean time per level.
                   A        B        C        D        E       F      G
               +--------+--------+--------+--------+--------+-----+--------+
         Total |   7565 |   7337 |    228 |   1440 |   3800 |   9 |  840.6 |
       Dungeon |   7029 |   6801 |    228 |   1431 |   3705 |   7 | 1004.1 |
        Temple |    140 |    140 |      0 |      0 |     95 |   1 |  140.0 |
         Sewer |    394 |    394 |      0 |      9 |      0 |   1 |  394.0 |
               +--------+--------+--------+--------+--------+-----+--------+

Top non-repeatable levels by time:
     D:5: 1333 daAuts
     D:4: 1191 daAuts
     D:3: 1166 daAuts
     D:6: 1110 daAuts
     D:2: 898 daAuts
     D:1: 674 daAuts
     D:7: 655 daAuts
   Sewer: 394 daAuts
  Temple: 140 daAuts
